 Dungeon Crawl Stone Soup version 0.16.1-30-g34a7ffa (webtiles) character file.

31 hannobal the Digger (level 3, -2/27 HPs)
             Began as a Human Wanderer on June 21, 2015.
             Slain by an ooze (4 damage)
             ... on level 2 of the Dungeon.
             The game lasted 00:07:03 (1216 turns).

hannobal the Digger (Human Wanderer)                Turns: 1216, Time: 00:07:03

Health: -2/27      AC:  3    Str: 12    XL:     3   Next: 40%
Magic:  6/6        EV: 12    Int: 13    God:
Gold:   92         SH:  0    Dex: 12    Spells: 0 memorised, 6 levels left

rFire  . . .     SeeInvis .     a - +0 spear
rCold  . . .     Clarity  .     d - +0 robe
rNeg   . . .     SustAb   .     (no shield)
rPois  .         Gourm    .     (no helmet)
rElec  .         Spirit   .     n - +0 cloak
rCorr  .         Warding  .     (no gloves)
rMut   .         Stasis   .     (no boots)
MR     .....                    (no amulet)
Stlth  ++........               (no ring)
                                (no ring)

@: not resistant to hostile enchantments, unstealthy
A: no striking features
a: no special abilities


You were on level 2 of the Dungeon.
You were hungry.

You visited 1 branch of the dungeon, and saw 2 of its levels.

You collected 92 gold pieces.

Inventory:

Hand weapons
 a - a +0 spear (weapon)
 b - a +2 blowgun
 i - a +0 whip
 k - a +0 club
Missiles
 e - 65 stones (quivered)
 g - 14 arrows
 j - 29 poisoned needles
 p - 20 arrows of frost
 z - 3 curare-tipped needles
Armour
 d - a +0 robe (worn)
 n - a +0 cloak (worn)
Scrolls
 l - a scroll of identify
Books
 c - the Incunabulum of Confrontation

   Spells                             Type                      Level
   a - Flame Tongue                   Conjuration/Fire             1
   b - Static Discharge               Conjuration/Air              3
Comestibles
 f - a bread ration


   Skills:
 - Level 2.0 Fighting
 - Level 0.2 Maces & Flails
 - Level 1.0 Throwing
 - Level 2.0 Dodging
 - Level 1.0 Stealth
 - Level 2.0 Unarmed Combat
 - Level 2.0 Spellcasting
   Level 1.0 Transmutations
   Level 2.0 Earth Magic


You had 6 spell levels left.
You didn't know any spells.

Dungeon Overview and Level Annotations

Branches:
Dungeon (2/15)

Altars:
Nemelex Xobeh


Message History

You miss the adder. The bat barely misses you.
The bat hits you but does no damage. The adder barely misses you.
The bat closely misses you.
You barely miss the adder. The bat misses you. The adder misses you.
The kobold begs for mercy.
The adder misses you.
You hit the adder but do no damage. The adder completely misses you.
The ooze hits you but does no damage. The bat barely misses you.
You closely miss the adder. The bat hits you but does no damage.
The bat barely misses you. The adder bites you but does no damage.
The adder misses you. The ooze closely misses you.
You barely miss the adder. The bat barely misses you.
The adder bites you but does no damage.
You closely miss the adder. The bat hits you.
* * * LOW HITPOINT WARNING * * *
The adder closely misses you. The ooze hits you but does no damage.
The bat closely misses you.
You closely miss the adder. The bat hits you but does no damage.
The adder bites you but does no damage. The ooze hits you.
You die...

...#####.##.# #.......,,,,,,,,,
.......S..#.# #........,,,,,,,,
..........+,** #........,,,,,,,,
.....$....#,,* #......K.,,*,,,**
..........##,** #.........,*,,,*
..........##.,* #(......%.,*****
,.........#*#_**#(........,*
,,........# #..##b........,*
,,,.......# #...@S........,******
,,,,,,...,* #.?..J.......,,,,,,,,
,,,,,,,,,,* #............,,,,,,,,
,,,,,,,,,,* #$...........,,,,,,,,
,,,,,,,,,,* #......#.###**,,,,,,,
,,,,,,,,,,* ###+####.# *,,,,,,,
,,,,,,,,,,*****,,***+#***********
,,,,,,,,,,,,,***,*,,,,,,,,,*
,,,,,,,,,,,,,***+*,,,,,,,,,*


You could see an ooze, an adder and a bat.

Vanquished Creatures
  A gnoll (D:1)
  A giant gecko (D:1)
  A goblin (D:1)
  5 hobgoblins
  2 jackals (D:1)
  2 bats (D:1)
  A giant cockroach (D:1)
  2 giant newts (D:1)
  3 kobolds (D:1)
  A rat (D:1)
19 creatures vanquished.

Notes
Turn   | Place    | Note
--------------------------------------------------------------
     0 | D:1      | hannobal, the Human Wanderer, began the quest for the Orb.
     0 | D:1      | hannobal set off with: 4 curare-tipped needles, a +2 blowgun, the Incunabulum of Confrontation, a +0 robe, a bread ration
     0 | D:1      | Reached XP level 1. HP: 15/15 MP: 3/3
     0 | D:1      | Identified the Incunabulum of Confrontation
    16 | D:1      | Reached skill level 1 in Dodging
    16 | D:1      | Reached XP level 2. HP: 21/21 MP: 4/4
   484 | D:1      | Reached XP level 3. HP: 18/26 MP: 6/6
  1208 | D:2      | Found a sparkling altar of Nemelex Xobeh.
  1216 | D:2      | Slain by an ooze

Action                   || total
-------------------------++-------
Melee: Unarmed           ||     1
       Club              ||     3
       Whip              ||    11
       Spear             ||    26
 Fire: Blowgun           ||    31
Throw: Stone             ||     1
  Use: Scroll            ||     5
 Stab: Sleeping          ||     4
